 Dungeon Crawl Stone Soup version 0.27.1-1-g398f81649c (webtiles) character file.

Game seed: 3516844771051318618

2784 MajorAdolf the Fighter (level 9, 79/79 (90) HPs)
             Began as a Naga Wanderer on Sept 11, 2021.
             Quit the game on level 7 of the Dungeon.
             The game lasted 00:16:27 (10660 turns).

MajorAdolf the Fighter (Naga Wanderer)             Turns: 10660, Time: 00:16:27

HP:   79/79 (90)    AC:  7    Str: 20    XL:     9   Next: 70%
MP:   9/9           EV:  9    Int: 10    God:
Gold: 212           SH:  9    Dex: 17    Spells: 8/8 levels left

rFire    . . .     SeeInvis +   a - +2 hand axe
rCold    + . .     Faith    .   C - +0 kite shield
rNeg     . . .     Spirit   .   G - +0 ring mail of Dequh {rPois Regen+ SInv}
rPois    +         Reflect  .   (no helmet)
rElec    .         Harm     .   l - +0 cloak
rCorr    .         Rampage  .   (no gloves)
Will     +....                  (no barding)
Stlth    +++.......             b - amulet of regeneration
HPRegen  2.23/turn              F - +6 ring of dexterity
MPRegen  0.11/turn              y - ring of protection from cold

@: studying Ice Magic, heavily drained, very slow
A: AC +3, large, see invisible, deformed body, poison resistance, slowness 2,
spit poison 1, naga tail 1
a: Spit Poison


You were on level 7 of the Dungeon.
You visited 2 branches of the dungeon, and saw 8 of its levels.

You collected 212 gold pieces.

Inventory:

Hand Weapons
 a - a +2 hand axe (weapon)
 e - a +0 dagger
 j - a +3 short sword of speed
 m - a +1 dagger of protection
 n - a +0 dagger of venom
 J - a +1 halberd of protection
 Q - a +4 whip of electrocution
Missiles
 g - 8 boomerangs
 v - 2 curare-tipped darts
 E - 2 throwing nets
Armour
 d - a +0 robe
 l - a +0 cloak (worn)
 C - a +0 kite shield (worn)
 D - a +0 scale mail
 G - the +0 ring mail of Dequh (worn) {rPois Regen+ SInv}
   (You found it on level 6 of the Dungeon)

   rPois:     It protects you from poison.
   SInv:      It lets you see invisible.
   Regen:     It increases your rate of health regeneration.
Jewellery
 b - an amulet of regeneration (around neck)
 s - a ring of fire
 t - an amulet of the acrobat
 x - a ring of wizardry
 y - a ring of protection from cold (right hand)
 A - a ring of willpower
 F - a +6 ring of dexterity (left hand)
Wands
 B - a wand of mindburst (10)
 H - a wand of iceblast (9)
 K - a wand of flame (12)
 P - a wand of digging (6)
Scrolls
 c - 3 scrolls of teleportation
 f - a scroll of holy word {unknown}
 i - 2 scrolls of fog {unknown}
 o - 8 scrolls of identify {unknown}
 w - a scroll of noise {unknown}
 M - a scroll of torment {unknown}
 O - a scroll of enchant weapon {unknown}
Potions
 h - 2 potions of cancellation {unknown}
 k - a potion of flight {unknown}
 p - a potion of haste {unknown}
 q - 2 potions of might {unknown}
 r - a potion of mutation {unknown}
 u - 3 potions of degeneration {unknown}
 z - a potion of attraction {unknown}
 I - a potion of lignification {unknown}
 L - a potion of curing
 N - a potion of brilliance {unknown}


   Skills:
 + Level 8.8 Fighting
 + Level 4.1 Axes
 + Level 4.9 Armour
 + Level 4.9 Dodging
 + Level 5.8 Stealth
 + Level 2.3 Shields
 - Level 1.0 Unarmed Combat
 + Level 2.0 Evocations


You had 8 spell levels left.
You didn't know any spells.
Your spell library contained the following spells:

 Spells                   Type           Power      Damage    Failure   Level
 Stone Arrow              Conj/Erth      0%         3d7       100%        3
 Summon Lightning Spire   Summ/Air       0%         N/A       100%        4
 Bolt of Magma            Conj/Fire/Erth 0%         4d4       100%        5
 Storm Form               Tmut/Air       0%         N/A       100%        7
 Maxwell's Capacitive Co  Air            0%         ∞         100%        8
 Shatter                  Erth           0%         3d5*      100%        9


Dungeon Overview and Level Annotations

Branches:
Dungeon (7/15)             Temple (1/1) D:5

Altars:
Ashenzari
Cheibriados
Dithmenos
Elyvilon
Fedhas
Gozag
Hepliaklqana
Kikubaaqudgha
Makhleb
Nemelex Xobeh
Okawaru
Qazlal
Trog
Uskayaw
Vehumet
Wu Jian
Yredelemnul

Shops:
D:2 [   D:4 *??   D:5 *   D:6 [

Annotations:
D:6 exclusion: downstairs
D:7 2 transporters, Zleub's ghost, novice DrTm


Innate Abilities, Weirdness & Mutations

Your serpentine skin is tough. (AC +3)
You have supernaturally acute eyesight. (SInv)
Armour fits poorly on your strangely shaped body.
Your system is resistant to poisons. (rPois)
You cover ground very slowly.
You can spit poison.
You have a snake-like lower body.


Message History

a +4 long sword; a +0 robe; a hound corpse
Things that are here:
a +3 long sword; a +0 robe; 11 stones
Found a stone staircase leading down.
O - a scroll labelled AHIKAP REAQEI
Found a transporter.
There is a stone staircase leading down here.
There is a stone staircase leading down here.
Found 14 gold pieces and a scroll labelled CIRIXE POPOMMA.
Found a +6 ring of dexterity.
The quasit gives a chilling moan.
Zleub's ghost turns its malevolent gaze towards you.
You hear a chilling moan.
Found 8 gold pieces.
The quasit gives a chilling moan.
You hear a chilling moan.
Found a fizzy black potion.
Found a scale mail.
Found a transporter.
Found a chain mail and 25 arrows.
The quasit gives a chilling moan.
You see here 25 arrows.
Found an ivory wand.
P - a wand of digging (6)
An orc comes into view.
It is wielding a +4 whip of electrocution.
An orc is nearby!
An orc is nearby!
The splash of poison hits the orc!
The orc is poisoned.
You kill the orc!
No target in view!
You have got your breath back.
Things that are here:
a +4 whip of electrocution; a +0 scale mail
Q - a +4 whip of electrocution Level annotation: 2 transporters, Zleub's ghost, novice DrTm Welcome back, MajorAdolf the Naga Wanderer.
Press ? for a list of commands and other information.
Level annotation: 2 transporters, Zleub's ghost, novice DrTm Welcome back, MajorAdolf the Naga Wanderer.
Press ? for a list of commands and other information.
Unknown command.
Are you sure you want to abandon this character and quit the game? (Confirm with "yes".)

.......†...######
.......#........#
.......#........######
.....................
#...................
#...................
#.........(.........
#.......).........##
#.[@..............#
############^.....#
#.###### #.# #.# #.#
## #.######. #.##.....
#.#..####


There were no monsters in sight!

Vanquished Creatures
  A centaur zombie (D:7)
  A water moccasin (D:7)
  An orc warrior (D:5)
  An ice beast (D:6)
  5 ogres
  A centaur (D:5)
  2 gnoll sergeants
  A water moccasin zombie (D:5)
  A scorpion (D:7)
  4 killer bees (D:7)
  3 wights (D:7)
  6 hounds
  A jelly (D:6)
  An orc priest (D:5)
  A centaur skeleton (D:6)
  3 bullfrog skeletons
  5 iguanas
  2 gnoll shamans
  5 orc wizards
  Natasha (twice) (D:2)
  2 hound skeletons (D:4)
  17 gnolls
  10 adders
  An adder skeleton (D:4)
  A worm (D:2)
  3 dart slugs
  20 orcs
  8 ball pythons
  6 endoplasms
  A giant cockroach (D:3)
  5 goblins
  4 hobgoblins
  3 jackals (D:2)
  3 quokkas
  5 bats
  A frilled lizard (D:3)
  8 kobolds
  5 rats
  A spectral orc (D:5)
151 creatures vanquished.

Vanquished Creatures (others)
  12 plants
12 creatures vanquished.

Grand Total: 163 creatures vanquished

Notes
Turn   | Place    | Note
-------+----------+-------------------------------------------
     0 | D:1      | MajorAdolf the Naga Wanderer began the quest for the Orb.
     0 | D:1      | MajorAdolf set off with the following items: a +2 hand axe,
                  | a potion of curing, a scroll of teleportation, a +0 robe, a
                  | +0 dagger
     0 | D:1      | Reached XP level 1. HP: 22/22 MP: 1/1
   320 | D:1      | Reached XP level 2. HP: 26/31 MP: 2/2
  1169 | D:2      | Reached XP level 3. HP: 31/38 MP: 3/3
  1264 | D:2      | Reached skill level 5 in Fighting
  1899 | D:2      | Found Efyplyph's Antique Armour Shop.
  1903 | D:2      | Noticed Natasha
  1916 | D:2      | Killed Natasha
  1917 | D:2      | Reached XP level 4. HP: 46/46 MP: 4/4
  1920 | D:2      | Noticed Natasha
  1925 | D:2      | Killed Natasha
  2319 | D:3      | Reached skill level 6 in Fighting
  2534 | D:3      | Reached XP level 5. HP: 37/56 MP: 5/5
  3176 | D:3      | Reached skill level 1 in Dodging
  3376 | D:3      | Reached skill level 1 in Armour
  3566 | D:4      | Reached XP level 6. HP: 62/63 MP: 6/6
  4541 | D:4      | Found Zocset's Magic Scroll Boutique.
  4541 | D:4      | Found Omnah's Magic Scroll Shop.
  4955 | D:4      | Found an ancient bone altar of Kikubaaqudgha.
  5218 | D:4      | Found Besotol's Assorted Antiques.
  5225 | D:4      | Reached skill level 7 in Fighting
  5299 | D:4      | Reached XP level 7. HP: 72/72 MP: 7/7
  5471 | D:5      | Entered Level 5 of the Dungeon
  6344 | D:5      | Reached XP level 8. HP: 61/81 MP: 8/8
  6774 | D:5      | Found a staircase to the Ecumenical Temple.
  6785 | Temple   | Entered the Ecumenical Temple
  6857 | D:5      | HP: 3/81 [ogre (23)]
  7139 | Temple   | Reached skill level 8 in Fighting
  8326 | D:5      | Found Puchif's Assorted Antiques.
  8391 | D:5      | Found a basalt altar of Yredelemnul.
  8488 | D:5      | Found a burning altar of Makhleb.
  8755 | D:6      | Found Qomocu Omeu's Armour Emporium.
  9289 | D:6      | Found a snail-covered altar of Cheibriados.
  9305 | D:6      | Identified the +0 ring mail of Dequh {rPois Regen+ SInv}
  9478 | D:6      | Reached skill level 1 in Shields
  9478 | D:6      | Reached XP level 9. HP: 88/90 MP: 9/9
 10244 | D:7      | Reached skill level 5 in Stealth
 10244 | D:7      | Reached skill level 1 in Evocations
 10425 | D:7      | Found a hide-covered altar of Uskayaw.
 10552 | D:7      | Found a transporter.
 10590 | D:7      | Noticed Zleub's ghost (novice DrTm)
 10602 | D:7      | Found a transporter.
 10660 | D:7      | Quit the game

Illustrated notes

Levels and vault maps discovered:
D:1:      dpeg_arrival_fog, layout_loops_ring
D:2:      layout_loops_cross, serial_shops, nicolae_shop_waterfront,
          dk_noncrumbling_2, minmay_domino_4, uniq_natasha
D:3:      layout_rooms, hex_medium
D:4:      layout_gridville, mainiacjoe_overflow_tiny_flanked, serial_shops,
          shop, nicolae_shop_waterfront, shop, kennysheep_pointless_box,
          grunt_decor_one_mirror, guppyfry_early_lair_pool
D:5:      layout_loops_ring, makhleb_heckhound_becter,
          yredelemnul_forgotten_temple_becter, minmay_temple_entry_ruins,
          serial_shops, nicolae_shop_overgrown_old_shop
D:6:      layout_gridville, kennysheep_mini_moat, serial_shops,
          nicolae_shop_competitors_out_of_business
D:7:      layout_basic, eat_drink_and_be_merry_uskayaw,
          gammafunk_ghost_stat_death
Temple:   minmay_temple_bridge_abc

Skill      XL: |  1  2  3  4  5  6  7  8  9 |
---------------+----------------------------+-----
Fighting       | 5 6 7 8 |  8.8
Dodging        | 1 2 3 4 |  4.9
Armour         | 1 2 3 4 |  4.9
Stealth        | 4 5 |  5.8
Shields        | 1 2 |  2.3
Evocations     | 2 |  2.0
Axes           | 4 |  4.1
Unarmed Combat | |  1.0

Action                   |  1- 3 |  4- 6 |  7- 9 || total
-------------------------+-------+-------+-------++-------
Melee: Hand axe          |    70 |   171 |   384 ||   625
       Punch             |       |     2 |     1 ||     3
 Abil: Spit Poison       |     6 |     9 |    46 ||    61
  Use: Potion            |       |       |     3 ||     3
       Scroll            |       |       |     2 ||     2
 Stab: Sleeping          |     3 |     3 |       ||     6
Armor: Robe              |    15 |    51 |    43 ||   109
       Ring mail         |       |       |   100 ||   100
       Scale mail        |       |       |    23 ||    23
Dodge: Dodged            |    44 |    94 |   188 ||   326
Block: Kite shield       |       |       |   145 ||   145
